 Dungeon Crawl Stone Soup version 0.31-a0-854-g362426d53f (webtiles) character file.

Game seed: 382348676202267685

7294 Armakuni the Grappler (level 10, -13/96 HPs)
             Began as a Troll Hedge Wizard on Oct 8, 2023.
             Was a Follower of the Shining One.
             Mangled by a red devil
             ... wielding a +0 trident
              (18 damage)
             ... on level 10 of the Dungeon.
             The game lasted 00:22:29 (7683 turns).

Armakuni the Grappler (Troll Hedge Wizard)          Turns: 7683, Time: 00:22:30

Health: -13/96     AC: 10    Str: 20    XL:     10   Next: 89%
Magic:  13/13      EV:  8    Int: 14    God:    the Shining One [*.....]
Gold:   337        SH:  0    Dex:  9    Spells: 8/15 levels left

rFire   . .          .
                       - Unarmed
rCold   + . .        (no shield)
rNeg    . . .        x - +1 swamp dragon scales
rPois   +            c - +1 hat
rElec   .            g - +2 cloak
rCorr   .            (gloves unavailable)
SInv    +            (boots unavailable)
Will    .....        A - amulet of the acrobat
Stlth   +            N - ring of see invisible
HPRegen 1.16/turn    S - +4 ring of slaying
MPRegen 0.13/turn

%: random rage (3%), acrobat
@: spiked, corroded, on berserk cooldown, slowed, glowing, studying Maces &
Flails, very slow
A: large, unfitting armour, claws 3, regeneration 1, shaggy fur 1, tough skin 1,
berserk 1, cold resistance 1
a: Renounce Religion, Divine Shield


You were on level 10 of the Dungeon.
You worshipped the Shining One.
The Shining One was aware of your devotion.
You visited 2 branches of the dungeon, and saw 11 of its levels.
You also visited: Ossuary.

You collected 508 gold pieces.
You spent 171 gold pieces at shops.

Inventory:

Armour
 c - a +1 hat (worn)
 g - a +2 cloak (worn)
 x - +1 swamp dragon scales (worn)
Magical Staves
 k - a staff of fire
Jewellery
 b - an amulet of magic regeneration
 A - an amulet of the acrobat (around neck)
 F - a ring of protection from fire
 H - an amulet of reflection
 N - a ring of see invisible (left claw)
 S - a +4 ring of slaying (right claw)
Wands
 h - a wand of acid (2)
 r - a wand of roots (9)
Scrolls
 a - 6 scrolls of identify
 e - a scroll of enchant weapon
 m - 2 scrolls of vulnerability
 n - 2 scrolls of fear
 o - 3 scrolls of revelation
 q - a scroll of noise
 t - a scroll of blinking
 u - a scroll of fog
 v - 2 scrolls of immolation
 w - 5 scrolls of teleportation
 y - 2 scrolls of acquirement {unknown}
Potions
 d - 2 potions of magic
 f - 3 potions of curing
 i - a potion of attraction
 j - a potion of cancellation
 l - a potion of lignification
 p - a potion of haste
 s - 2 potions of enlightenment
 z - a potion of heal wounds


   Skills:
 + Level 5.1 Fighting
 - Level 1.5 Dodging
 - Level 1.0 Stealth
 - Level 13.1 Unarmed Combat
 - Level 3.0 Spellcasting
 - Level 3.0 Conjurations
 - Level 0.6 Summonings
 - Level 0.6 Translocations
 - Level 3.0 Air Magic
 - Level 3.0 Poison Magic


You had 8 spell levels left.
You knew the following spells:

 Your Spells              Type           Power      Damage    Failure   Level
a - Wereblood             Tmut           2%         N/A       50%         2
b - Blink                 Tloc           6%         N/A       41%         2
m - Mephitic Cloud        Conj/Pois/Air  10%        N/A       32%         3

Your spell library contained the following spells:

 Spells                   Type           Power      Damage    Failure   Level
 Magic Dart               Conj           40%        1d5       11%         1
 Cigotuvi's Dreadful Rot  Necr/Pois/Air  14%        N/A       24%         2
 Apportation              Tloc           6%         N/A       28%         1
 Slow                     Hex            8%         N/A       36%         1
 Call Imp                 Summ           6%         N/A       41%         2
 Jinxbite                 Hex            4%         N/A       50%         2
 Sublimation of Blood     Necr           2%         N/A       50%         2
 Ignite Poison            Fire/Tmut/Pois 4%         N/A       58%         3
 Sticky Flame             Conj/Fire      6%         2d3       89%         4
 Petrify                  Tmut/Erth      2%         N/A       98%         4
 Alistair's Intoxication  Tmut/Pois      4%         N/A       99%         5
 Irradiate                Conj/Tmut      3%         3d12      99%         5
 Simulacrum               Ice/Necr       1%         N/A       100%        6
 Ozocubu's Refrigeration  Ice            1%         4d7       100%        7
 Summon Hydra             Summ           1%         N/A       100%        7
 Ignition                 Fire           1%         3d3       100%        8
 Polar Vortex             Ice            1%         N/A       100%        9


Dungeon Overview and Level Annotations

Branches:
Dungeon (10/15)            Temple (1/1) D:7         Ossuary (visited)
   Lair: D:8-11         Orc: D:9-12

Altars:
Ashenzari
Cheibriados
Dithmenos
Elyvilon
Gozag
Hepliaklqana
Kikubaaqudgha
Makhleb
Nemelex Xobeh
Qazlal
Ru
Sif Muna
Trog
Uskayaw
Vehumet
Wu Jian
Xom
Yredelemnul
Zin
The Shining One

Shops:
D:1 =   D:6 [


Innate Abilities, Weirdness & Mutations

You are too large for most types of armour.
You have claws for hands.
Your natural rate of healing is unusually fast.
You are covered in fur. (AC +1)
You have tough skin. (AC +1)
You sometimes lose your temper in combat.
Your flesh is cold resistant. (rC+)


Message History

Roots grab the red devil.
Roots grab the yak.
Roots grab the orange demon.
The grasping roots constrict the red devil, but do no damage.
The grasping roots constrict the orange demon!
The grasping roots constrict the yak.
You hear a screech!
You hear a bellow!
You hear a shout! x2
The roots release their grip on the orange demon.
The roots release their grip on the yak.
The red devil hits you from afar with a +0 trident.
Barbed spikes become lodged in your body.
The yak gores you but does no damage. The orange demon barely misses you.
The red devil hits you from afar with a +0 trident.
Barbed spikes become lodged in your body.
Aiming: Corrosive Bolt
Press: ? - help, Shift-Dir - straight line, f/p - red devil
Aim: a red devil, wielding a +0 trident (constricted by roots, 100% to hit)
The bolt of acid hits the yak!
The acid corrodes the yak!
The yak is moderately wounded.
The bolt of acid hits the red devil!
The acid corrodes the red devil!
The red devil is moderately wounded.
The grasping roots constrict the red devil!
The roots release their grip on the red devil.
The yak gores you! The orange demon stings you from afar!
The red devil hits you from afar with a +0 trident!
* * * LOW HITPOINT WARNING * * *
Barbed spikes become lodged in your body.
Aiming: Corrosive Bolt
Press: ? - help, Shift-Dir - straight line, f/p - red devil
Aim: a red devil, wielding a +0 trident (heavily wounded, covered in acid, 60% to hit)
The bolt of acid hits the yak!
The yak is heavily wounded.
The bolt of acid hits the red devil.
The red devil is severely wounded.
The yak gores you!
* * * LOW HITPOINT WARNING * * *
The orange demon stings you but does no damage.
The red devil hits you from afar with a +0 trident.
* * * LOW HITPOINT WARNING * * *
Barbed spikes become lodged in your body.
The red devil hits you from afar with a +0 trident!!
You die...

#.... #...( #..... ##
#....$##. #.....#..
#......!# #.......# ##
#@# #...####Y# ##
#....44##.#
#####.....# ####..###
#####+##### #.....<#
....x..<..#
#?.##...........#....#
#.# ###..#..... #..!.#


YY. ##....... ...... You could see an orange demon, a yak (corroded) and a red
devil (corroded).

Vanquished Creatures
  2 two-headed ogres
  A rust devil (D:10)
  Maggie (D:8)
  An unseen horror (D:10)
  A hellwing (D:10)
  5 yaks (D:10)
  2 wyverns (D:7)
  2 wraiths (Ossuary)
  4 steam dragons
  2 water moccasins
  An ice beast (D:7)
  An orc warrior (D:9)
  2 black bears
  A sky beast (D:6)
  5 centaurs
  A phantom (D:6)
  A kobold brigand (D:9)
  A bullfrog (D:8)
  A gnoll sergeant (D:5)
  7 wights
  5 killer bees (D:7)
  4 howler monkeys
  3 jellies
  4 hounds
  7 orc priests
  Crazy Yiuf (D:3)
  5 iguanas
  A sleepcap (D:7)
  9 orc wizards
  Terence (D:3)
  A mummy (D:6)
  10 gnolls
  3 adders
  A shadow imp (D:6)
  2 white imps (D:6)
  3 ufetubi
  An adder zombie (Ossuary)
  A worm (D:5)
  35 orcs
  10 ball pythons
  10 endoplasms
  6 giant cockroaches
  15 goblins
  12 hobgoblins
  6 jackals
  5 quokkas
  6 bats
  3 frilled lizards
  A hobgoblin skeleton (Ossuary)
  2 hobgoblin zombies (Ossuary)
  14 kobolds
  3 orc skeletons (Ossuary)
  3 orc zombies (Ossuary)
  2 rats
237 creatures vanquished.

Notes
Turn   | Place    | Note
-------+----------+-------------------------------------------
     0 | D:1      | Armakuni the Troll Hedge Wizard began the quest for the
                  | Orb.
     0 | D:1      | Reached XP level 1. HP: 16/16 MP: 2/2
    48 | D:1      | Found a faded altar of an unknown god.
   106 | D:1      | Found Neja's Jewellery Shop.
   144 | D:1      | Reached skill level 1 in Unarmed Combat
   156 | D:1      | Reached XP level 2. HP: 25/26 MP: 4/4
   211 | D:1      | Reached skill level 1 in Fighting
   342 | D:1      | Learned a level 2 spell: Blink
   697 | D:1      | Reached XP level 3. HP: 33/33 MP: 5/5
   703 | D:1      | Reached skill level 2 in Unarmed Combat
  1717 | D:3      | Reached XP level 4. HP: 42/42 MP: 6/6
  1899 | D:3      | Learned a level 3 spell: Mephitic Cloud
  1949 | D:3      | Found a hazy altar of Hepliaklqana.
  2038 | D:3      | Noticed Terence
  2048 | D:3      | Killed Terence
  2049 | D:3      | Reached skill level 3 in Unarmed Combat
  2206 | D:3      | Found a burning altar of Makhleb.
  2212 | D:3      | Reached XP level 5. HP: 47/49 MP: 7/7
  2337 | D:3      | Found a runed translucent door.
  2338 | D:3      | Noticed Crazy Yiuf
  2342 | D:3      | Killed Crazy Yiuf
  2343 | D:3      | Reached skill level 4 in Unarmed Combat
  2504 | D:4      | Reached skill level 5 in Unarmed Combat
  2562 | D:4      | Reached XP level 6. HP: 55/57 MP: 8/8
  2779 | D:4      | Reached skill level 1 in Conjurations
  3105 | D:5      | Entered Level 5 of the Dungeon
  3241 | D:5      | Reached skill level 1 in Poison Magic
  3247 | D:5      | Reached XP level 7. HP: 54/65 MP: 7/9
  3350 | D:4      | Reached skill level 1 in Air Magic
  3984 | D:6      | Found a sand-covered staircase.
  3995 | Ossuary  | Entered an ossuary
  4097 | Ossuary  | Noticed a wraith
  4097 | Ossuary  | Noticed a flying skull
  4104 | Ossuary  | Noticed a flying skull
  4131 | Ossuary  | Noticed a flying skull
  4139 | Ossuary  | Noticed a wraith
  4154 | Ossuary  | Gained mutation: You sometimes lose your temper in combat.
                  | [potion of mutation]
  4154 | Ossuary  | Gained mutation: Your flesh is cold resistant. (rC+)
                  | [potion of mutation]
  4165 | Ossuary  | Killed a wraith
  4166 | Ossuary  | Reached XP level 8. HP: 38/72 MP: 11/11
  4433 | D:6      | Learned a level 2 spell: Wereblood
  4544 | D:6      | Reached skill level 6 in Unarmed Combat
  4651 | D:6      | Reached skill level 7 in Unarmed Combat
  4718 | D:6      | Found Vestrodao's Antique Armour Boutique.
  4732 | D:6      | Bought a shadowed robe for 171 gold pieces
  4732 | D:6      | Identified the +2 robe of Hepliaklqana's Delight {Rampage
                  | rF+ rC+} (You bought it in a shop on level 6 of the
                  | Dungeon)
  4984 | D:7      | Reached XP level 9. HP: 79/79 MP: 12/12
  5095 | D:7      | Reached skill level 8 in Unarmed Combat
  5267 | D:7      | Reached skill level 9 in Unarmed Combat
  5483 | D:7      | Reached skill level 10 in Unarmed Combat
  5511 | D:7      | Found a staircase to the Ecumenical Temple.
  5585 | D:7      | Found an ornate altar of the Wu Jian Council.
  5977 | D:8      | Noticed a two-headed ogre
  5991 | D:8      | Reached skill level 11 in Unarmed Combat
  5996 | D:8      | Killed a two-headed ogre
  5997 | D:8      | Reached XP level 10. HP: 81/87 MP: 1/13
  6284 | D:8      | Noticed Maggie
  6292 | D:8      | Killed Maggie
  6293 | D:8      | Reached skill level 12 in Unarmed Combat
  6307 | Temple   | Entered the Ecumenical Temple
  6372 | Temple   | Became a worshipper of the Shining One
  6893 | D:9      | Found a broken altar of Ashenzari.
  7052 | D:9      | Noticed a two-headed ogre
  7064 | D:9      | Killed a two-headed ogre
  7397 | D:9      | Reached skill level 13 in Unarmed Combat
  7621 | D:10     | Entered Level 10 of the Dungeon
  7621 | D:10     | Noticed a rust devil
  7621 | D:10     | Noticed a soul eater
  7623 | D:10     | Noticed an orange demon
  7641 | D:10     | Noticed a rust devil
  7676 | D:10     | Killed a rust devil
  7676 | D:10     | Reached * piety under the Shining One
  7677 | D:10     | Reached skill level 5 in Fighting
  7683 | D:10     | Mangled by a red devil

Illustrated notes

Levels and vault maps discovered:
D:1:      saegor_arrival_fortress, layout_basic,
          shapermc_ecumenical_altar_ellora, serial_shops, shop
D:2:      kennysheep_the_goblin_king, layout_loops_cross
D:3:      layout_loops_ring, mainiacjoe_overflow_large_starburst, uniq_terence,
          uniq_crazy_yiuf_cottage
D:4:      layout_loops_ring
D:5:      layout_basic
D:6:      corexii_shack_village, layout_rooms, serial_shops, shop,
          gup_ossuary_entry_pyramid
D:7:      layout_basic, mainiacjoe_overflow_surrounded_room,
          minmay_temple_entry_from_below_a, st_stairs_11, serial_bayou_crossing
D:8:      layout_cave_pools, minmay_manual_mares, uniq_maggie
D:9:      layout_basic, mainiacjoe_overflow_24_doors, palyth_stone_intersect
D:10:     layout_rooms, gammafunk_temple_overflow_statue, serial_demonic,
          serial_demonic_f, serial_demonic_a, serial_demonic_d,
          serial_demonic_a, kennysheep_generic_room_16
Temple:   regret_index_temple_sphere_string

Skill      XL: |  1  2  3  4  5  6  7  8  9 10 |
---------------+-------------------------------+-----
Unarmed Combat | 1 2 3 5 7 11 13 | 13.1
Fighting       | 1 2 5 |  5.1
Conjurations   | 1 2 3 |  3.0
Poison Magic   | 1 2 3 |  3.0
Air Magic      | 2 3 |  3.0
Spellcasting   | 3 |  3.0
Dodging        | |  1.5
Stealth        | |  1.0
Summonings     | |  0.6
Translocations | |  0.6

Action                     |  1- 3 |  4- 6 |  7- 9 | 10-12 || total
---------------------------+-------+-------+-------+-------++-------
  Melee: Unarmed           |   145 |   137 |   289 |   103 ||   674
         Punch             |     1 |     4 |    16 |     6 ||    27
         Long sword        |       |    18 |       |       ||    18
   Cast: Mephitic Cloud    |       |     3 |     7 |     2 ||    12
  Evoke: Wand              |       |       |    10 |    11 ||    21
    Use: Scroll            |     8 |     3 |     2 |     2 ||    15
         Potion            |     4 |       |     8 |       ||    12
   Stab: Sleeping          |     1 |       |     1 |       ||     2
         Confused          |       |     1 |     4 |       ||     5
 Armour: Robe              |   125 |    98 |   199 |    13 ||   435
         Swamp dragon scal |       |       |       |    62 ||    62
  Dodge: Dodged            |    64 |    64 |   151 |    54 ||   333
  Block: Other             |       |     1 |       |       ||     1

Table legend: (Time is in decaauts)
 A = Elapsed time spent in this place.
 B = Non-inter-level travel time spent in this place.
 C = Inter-level travel time spent in this place.
 D = Time resting spent in this place.
 E = Time spent auto-exploring this place.
 F = Levels seen in this place.
 G = Mean time per level.
                   A        B        C        D        E       F      G
               +--------+--------+--------+--------+--------+-----+--------+
         Total |   7703 |   7404 |    299 |    508 |   4946 |  12 |  641.9 |
       Dungeon |   7167 |   6895 |    272 |    375 |   4799 |  10 |  716.7 |
        Temple |     92 |     65 |     27 |      0 |      0 |   1 |   92.0 |
       Ossuary |    444 |    444 |      0 |    132 |    147 |   1 |  444.0 |
               +--------+--------+--------+--------+--------+-----+--------+

Top non-repeatable levels by time:
     D:9: 1033 daAuts
     D:7: 926 daAuts
     D:3: 905 daAuts
     D:1: 782 daAuts
     D:4: 766 daAuts
     D:5: 739 daAuts
     D:2: 718 daAuts
     D:6: 661 daAuts
     D:8: 599 daAuts
 Ossuary: 444 daAuts
  Temple: 92 daAuts
    D:10: 34 daAuts
